 Dungeon Crawl Stone Soup version 0.25-a0-611-g6918904 (webtiles) character file.

Game seed: 144750620231945879, levelgen mode: deterministic

10635 Cunctator the Martial Artist (level 11, 0/83 HPs)
             Began as a Gnoll Transmuter on Mar 15, 2020.
             Was a Follower of Ashenzari.
             Slain by an orc warrior
             ... wielding a +0 halberd
             ... led by an orc knight
              (12 damage)
             ... on level 10 of the Dungeon on Mar 16, 2020.
             The game lasted 01:54:06 (15859 turns).

Cunctator the Martial Artist (Gnoll Transmuter)    Turns: 15859, Time: 01:54:07

Health: 0/83       AC:  7    Str: 12    XL:     11   Next: 65%
Magic:  13/23      EV: 18    Int: 19    God:    Ashenzari [*.....]
Gold:   617        SH:  6    Dex: 20    Spells: 8/26 levels left

rFire    . . .     SeeInvis .   w - +3 dagger (venom)
rCold    . . .     Gourm    +   L - +0 buckler
rNeg     + . .     Faith    .   M - +1 robe of Zin's Wrath {Dex+4} (curse)
rPois    .         Spirit   .   (no helmet)
rElec    .         Reflect  .   l - +0 cloak
rCorr    .         Harm     .   E - +0 pair of gloves
MR       +....                  Y - +0 pair of boots
Stlth    ++++......             G - amulet of the gourmand (curse)
HPRegen  0.23/turn              h - ring of positive energy
MPRegen  0.18/turn              c - ring of protection from magic (curse)

@: no status effects
A: distributed training, fangs 1, strong nose
a: Curse Item, Scrying, Renounce Religion


You were on level 10 of the Dungeon.
You worshipped Ashenzari.
Ashenzari was aware of your devotion.
You were very full.

You visited 2 branches of the dungeon, and saw 11 of its levels.
You also visited: Sewer and Ossuary.

You collected 617 gold pieces.


Innate Abilities, Weirdness & Mutations

Your experience applies equally to all skills.
You have very sharp teeth.
Your uncanny sense of smell can sniff out nearby items.


   Skills:
 + Level 6.9 Fighting
 + Level 6.3 Short Blades
 + Level 6.3 Long Blades
 + Level 6.3 Axes
 + Level 6.3 Maces & Flails
 + Level 6.3 Polearms
 + Level 6.3 Staves
 + Level 6.3 Slings
 + Level 6.3 Bows
 + Level 6.3 Crossbows
 + Level 6.3 Throwing
 + Level 6.3 Armour
 + Level 7.9 Dodging
 + Level 6.3 Stealth
 + Level 6.3 Shields
 + Level 9.2 Unarmed Combat
 + Level 8.2 Spellcasting
 + Level 5.3 Conjurations
 + Level 5.3 Hexes
 + Level 5.3 Charms
 + Level 5.3 Summonings
 + Level 5.3 Necromancy
 + Level 5.3 Translocations
 + Level 6.6 Transmutations
 + Level 5.3 Fire Magic
 + Level 5.3 Ice Magic
 + Level 5.3 Air Magic
 + Level 5.3 Earth Magic
 + Level 5.3 Poison Magic
 + Level 7.0 Invocations
 + Level 6.3 Evocations


You had 8 spell levels left.
You knew the following spells:

 Your Spells              Type           Power        Failure   Level  Hunger
c - Ice Form              Ice/Tmut       ####....     8%          4    ###....
v - Summon Ice Beast      Ice/Summ       ####....     10%         4    ###....
x - Spider Form           Tmut/Pois      ####......   2%          3    None
y - Shock                 Conj/Air       ####         1%          1    None
z - Airstrike             Air            ####......   10%         4    ###....
Z - Sticks to Snakes      Tmut           ####....     1%          2    None

Your spell library contained the following spells:

 Spells                   Type           Power        Failure   Level  Hunger
 Apportation              Tloc           ####..       1%          1    None
 Beastly Appendage        Tmut           ####..       1%          1    None
 Corona                   Hex            ####...      1%          1    None
 Freeze                   Ice            ####         1%          1    None
 Summon Butterflies       Summ           ####....     1%          1    None
 Slow                     Hex            ####....     1%          2    None
 Swiftness                Chrm/Air       ####....     1%          2    None
 Confusing Touch          Hex            ####....     3%          3    None
 Frozen Ramparts          Ice            ####..       3%          3    None
 Gell's Gravitas          Tloc           ####......   3%          3    None
 Inner Flame              Hex/Fire       ####....     3%          3    None
 Lesser Beckoning         Tloc           ####......   3%          3    None
 Ozocubu's Armour         Chrm/Ice       ####....     3%          3    None
 Portal Projectile        Hex/Tloc       ####..       3%          3    None
 Static Discharge         Conj/Air       ####....     3%          3    None
 Tukima's Dance           Hex            ####....     3%          3    None
 Petrify                  Tmut/Erth      ####....     8%          4    ###....
 Cause Fear               Hex            ####......   10%         4    ###....
 Hailstorm                Conj/Ice       ####....     10%         4    ###....
 Leda's Liquefaction      Hex/Erth       ####......   10%         4    ###....
 Blade Hands              Tmut           ####......   16%         5    #####..
 Alistair's Intoxication  Tmut/Pois      ####....     22%         5    #####..
 Yara's Violent Unravell  Hex/Tmut       ####......   22%         5    #####..
 Lightning Bolt           Conj/Air       ####......   28%         5    #####..
 Metabolic Englaciation   Hex/Ice        ####......   28%         5    #####..
 Invisibility             Hex            ####....     83%         6    ######.

Inventory:

Hand Weapons
 w - a +3 dagger of venom (weapon)
 y - a +0 long sword of holy wrath
 Q - a +0 halberd
 U - a +2 vorpal flail
Missiles
 a - 214 arrows
 i - 214 stones (quivered)
 q - 10 boomerangs
 v - 48 poisoned darts
 B - 7 atropa-tipped darts
 I - 8 curare-tipped darts {=f}
Armour
 l - a +0 cloak (worn)
 E - a +0 pair of gloves (worn)
 L - a +0 buckler (worn)
 M - the cursed +1 robe of Zin's Wrath (worn) {Dex+4}

   It affects your dexterity (+4).
   It has a curse placed upon it.
 W - a cursed +0 robe
 Y - a +0 pair of boots (worn)
Jewellery
 c - a cursed ring of protection from magic (right hand)
 h - a ring of positive energy (left hand)
 s - an uncursed ring of resist corrosion
 G - a cursed amulet of the gourmand (around neck)
Wands
 o - a wand of digging (4)
 x - a wand of acid (7)
 z - a wand of iceblast (3)
Scrolls
 b - 2 scrolls of torment {unknown}
 e - a scroll of noise {unknown}
 k - a scroll of enchant armour {unknown}
 m - 2 scrolls of identify {@r1}
 n - 3 scrolls of teleportation {@r4}
 r - 3 scrolls of enchant weapon {unknown}
 u - a scroll of remove curse
 C - 2 scrolls of fear {unknown}
 J - 2 scrolls of random uselessness {unknown}
 N - 2 scrolls of magic mapping {unknown}
 P - 4 scrolls of amnesia
 T - 3 scrolls of blinking {unknown}
 V - 2 scrolls of fog {unknown}
Potions
 j - 4 potions of flight {unknown}
 p - 4 potions of curing {@q1}
 A - 5 potions of mutation {!q}
 D - a potion of haste {@q3}
 F - 3 potions of brilliance {unknown}
 H - 5 potions of lignification {!q}
 K - a potion of stabbing {unknown}
 O - 5 potions of cancellation {unknown}
 R - a potion of degeneration {unknown}
 S - a potion of invisibility {unknown}
 X - a potion of might {unknown}
 Z - a potion of ambrosia {unknown}
Comestibles
 d - 12 rations
 f - 6 chunks of flesh

Dungeon Overview and Level Annotations

Branches:
Dungeon (10/15)            Temple (1/1) D:7           Sewer (visited)
Ossuary (visited)
   Lair: D:8-11         Orc: D:9-12

Altars:
Ashenzari
Cheibriados
Dithmenos
Elyvilon
Fedhas
Gozag
Hepliaklqana
Kikubaaqudgha
Makhleb
Nemelex Xobeh
Okawaru
Qazlal
Ru
Sif Muna
Trog
Uskayaw
Vehumet
Wu Jian
Xom
Yredelemnul
Zin
The Shining One

Annotations:
D:10 2 transporters, Faels's ghost, journeyman KoGl

▒ ▒..▒ ∆ ▒. ∆∆∆▒ ▒ ▒..▒ ▒..▒▒▒▒▒
▒ ▒..▒ ∆ ∆ ▒...... ▒ ▒..▒▒ ▒▒▒
▒▒▒▒▒▒▒.▒▒ ▒▒▒...▒ ▒.. ..▒ ▒.▒
▒▒..▒.▒ ▒.▒▒▒ ▒ ▒.▒ ▒▒.▒ ▒▒.▒▒.▒
▒. ▒.▒[▒(▒[▒.▒ ▒▒..▒ ▒▒.▒▒.▒▒
▒..▒▒▒§▒§....▒.▒▒▒..▒▒ ...▒▒..▒
▒....gYo....▒.....▒▒ .....▒.▒▒
▒▒▒▒▒.▒.....▒.▒▒▒▒▒ ▒ .▒▒▒.▒..▒▒
▒.▒[▒(▒(▒.▒ ▒▒ .▒ ..▒▒..▒▒▒
▒.▒▒▒▒▒▒▒.▒ ▒▒▒.
.▒.▒▒▒▒▒...▒▒▒▒▒.....†...▒▒▒▒▒...
.▒. ▒▒......▒▒▒▒▒+▒▒▒▒▒.....▒▒ .▒
▒..▒▒▒▒..................< ▒▒
............................
▒▒▒▒▒▒▒▒▒▒▒▒▒▒▒▒▒▒▒▒▒▒▒..▒▒▒▒▒▒▒▒


You could see an orc warrior and a friendly ice beast.


Message History

The orc priest looks as sick as possible!
Your bite misses the orc priest.
The orc priest is almost dead.
The orc priest hits you but does no damage.
You hit the orc priest but do no damage.
The orc priest is almost dead.
You block the orc warrior's attack.
Your ice beast hits the orc priest but does no damage.
Your ice beast completely misses the orc priest.
The orc priest hits your ice beast with a +0 club.
You hit the orc priest.
You kill the orc priest!
The orc warrior misses you.
Your ice beast disappears in a puff of smoke!
Your ice beast hits the orc.
Your ice beast freezes the orc!
The orc dies!
The orc warrior hits you with a +0 halberd!
* * * LOW HITPOINT WARNING * * *
There is an open door, spattered with blood here.
Items here: ))) [[ †† You hit the orc warrior but do no damage.
The orc warrior is poisoned.
Your bite misses the orc warrior.
The orc warrior hits you with a +0 halberd!
* * * LOW HITPOINT WARNING * * *
You swap places.
Your ice beast hits the orc warrior but does no damage.
The orc warrior hits you from afar with a +0 halberd!
You die...

Action                   |  1- 3 |  4- 6 |  7- 9 | 10-12 || total
-------------------------+-------+-------+-------+-------++-------
Melee: Unarmed           |    25 |    54 |   154 |    59 ||   292
       Bite              |    16 |    19 |    42 |    35 ||   112
       Headbutt          |     3 |     2 |       |       ||     5
       Whip              |   124 |    34 |       |       ||   158
       Kick              |    13 |       |     3 |       ||    16
       Punch             |     6 |     7 |    10 |     2 ||    25
       Dagger            |       |   136 |   438 |   246 ||   820
Throw: Stone             |     9 |    26 |    93 |       ||   128
 Cast: Beastly Appendage |     6 |     2 |     3 |       ||    11
       Sticks to Snakes  |       |    10 |    14 |     2 ||    26
       Spider Form       |       |     9 |    11 |       ||    20
       Ice Form          |       |       |     6 |     8 ||    14
       Shock             |       |       |    12 |    64 ||    76
       Airstrike         |       |       |       |    65 ||    65
       Summon Ice Beast  |       |       |       |     3 ||     3
Invok: Curse Item        |       |       |     2 |     1 ||     3
 Abil: End Transformatio |       |       |     1 |       ||     1
Evoke: Wand              |       |       |     2 |     6 ||     8
  Use: Potion            |       |     1 |     1 |     3 ||     5
       Scroll            |       |       |     5 |     5 ||    10
 Stab: Sleeping          |     1 |     6 |     4 |     1 ||    12
       Paralysed         |       |       |     3 |     1 ||     4
       Distracted        |       |       |     2 |     1 ||     3
  Eat: Chunk             |     2 |     8 |    33 |    28 ||    71
Armor: Robe              |    27 |    23 |    42 |    40 ||   132
       Skin              |       |     4 |     8 |    24 ||    36
Dodge: Dodged            |   131 |   166 |   373 |   281 ||   951
Block: Buckler           |       |       |    44 |    80 ||   124

Levels and vault maps discovered:
D:1:      saegor_arrival_fortress, layout_basic, minmay_pentomino_u4
D:2:      layout_loops_corners, lemuel_crystal_altar, serial_rivers,
          chequers_serial_rivers_micro_c, chequers_serial_rivers_micro_b,
          chequers_serial_rivers_micro_a, chequers_serial_rivers_micro_e,
          chequers_serial_rivers_marsh, chequers_serial_rivers_micro_b,
          chequers_serial_rivers_micro_b, uniq_crazy_yiuf_cottage, uniq_jessica
D:3:      layout_rooms, portal_sewer_entry_b, first_ration
D:4:      layout_gridville, nicolae_ossuary_entry_giza, minmay_box_of_dots
D:5:      layout_loops_ring, lightli_sewer_entry_pipes,
          hangedman_abyss_or_decor_slice, uniq_ijyb, uniq_duvessa
D:6:      layout_loops_ring, minmay_a_box_with_orc_wizards_in_it, uniq_pikel,
          uniq_menkaure, uniq_grinder
D:7:      layout_rooms, minmay_temple_entry_gardened_gates
D:8:      layout_cave_pods, minmay_misc_feat_x
D:9:      layout_long_grid, serial_ice, serial_ice_n, serial_ice_b,
          serial_ice_d, serial_ice_j, serial_ice_a, serial_ice_f, serial_ice_o,
          serial_ice_h
D:10:     minmay_the_grid_plus_closed [minmay_the_grid_tree,
          minmay_the_grid_paths, minmay_the_grid_dragon_b,
          minmay_the_grid_armoury,
          minmay_the_grid_prize_four_corners_diamond_b], layout_basic,
          gammafunk_ghost_wrathful_warriors, grunt_pizzeria
Temple:   grunt_wide_crystal_templ

Notes
Turn   | Place    | Note
-------+----------+-------------------------------------------
     0 | D:1      | Cunctator the Gnoll Transmuter began the quest for the Orb.
     0 | D:1      | Reached XP level 1. HP: 17/17 MP: 6/6
   142 | D:1      | Reached XP level 2. HP: 23/23 MP: 7/7
   475 | D:1      | Reached XP level 3. HP: 26/28 MP: 9/9
   495 | D:1      | Reached skill level 5 in Spellcasting
  1010 | D:1      | Reached skill level 1 in Invocations
  1537 | D:2      | Reached skill level 1 in Short Blades
  1537 | D:2      | Reached skill level 1 in Long Blades
  1537 | D:2      | Reached skill level 1 in Axes
  1537 | D:2      | Reached skill level 1 in Maces & Flails
  1537 | D:2      | Reached skill level 1 in Polearms
  1537 | D:2      | Reached skill level 1 in Staves
  1537 | D:2      | Reached skill level 1 in Slings
  1537 | D:2      | Reached skill level 1 in Bows
  1537 | D:2      | Reached skill level 1 in Crossbows
  1537 | D:2      | Reached skill level 1 in Throwing
  1537 | D:2      | Reached skill level 1 in Armour
  1537 | D:2      | Reached skill level 1 in Stealth
  1537 | D:2      | Reached skill level 1 in Shields
  1537 | D:2      | Reached skill level 1 in Evocations
  1574 | D:2      | Reached XP level 4. HP: 26/34 MP: 9/11
  1873 | D:2      | Noticed Jessica
  1919 | D:2      | Killed Jessica
  1919 | D:2      | Reached skill level 1 in Conjurations
  1919 | D:2      | Reached skill level 1 in Hexes
  1919 | D:2      | Reached skill level 1 in Charms
  1919 | D:2      | Reached skill level 1 in Summonings
  1919 | D:2      | Reached skill level 1 in Necromancy
  1919 | D:2      | Reached skill level 1 in Translocations
  1919 | D:2      | Reached skill level 1 in Fire Magic
  1919 | D:2      | Reached skill level 1 in Ice Magic
  1919 | D:2      | Reached skill level 1 in Air Magic
  1919 | D:2      | Reached skill level 1 in Earth Magic
  1919 | D:2      | Reached skill level 1 in Poison Magic
  2054 | D:2      | Learned a level 2 spell: Sticks to Snakes
  2058 | D:2      | Learned a level 3 spell: Spider Form
  2328 | D:2      | Reached XP level 5. HP: 29/40 MP: 9/12
  2367 | D:2      | Found a runed translucent door.
  2368 | D:2      | Noticed Crazy Yiuf
  2430 | D:2      | Killed Crazy Yiuf
  2517 | D:2      | Found a burning altar of Makhleb.
  2618 | D:2      | Reached skill level 3 in Fighting
  2871 | D:3      | Reached skill level 4 in Transmutations
  3096 | D:3      | Found a glowing drain.
  3497 | D:4      | Reached skill level 2 in Invocations
  3497 | D:4      | Reached XP level 6. HP: 42/47 MP: 9/13
  3641 | D:4      | Noticed a phantom
  3662 | D:4      | Killed a phantom
  3662 | D:4      | Reached skill level 2 in Short Blades
  3662 | D:4      | Reached skill level 2 in Long Blades
  3662 | D:4      | Reached skill level 2 in Axes
  3662 | D:4      | Reached skill level 2 in Maces & Flails
  3662 | D:4      | Reached skill level 2 in Polearms
  3662 | D:4      | Reached skill level 2 in Staves
  3662 | D:4      | Reached skill level 2 in Slings
  3662 | D:4      | Reached skill level 2 in Bows
  3662 | D:4      | Reached skill level 2 in Crossbows
  3662 | D:4      | Reached skill level 2 in Throwing
  3662 | D:4      | Reached skill level 2 in Armour
  3662 | D:4      | Reached skill level 5 in Dodging
  3662 | D:4      | Reached skill level 2 in Stealth
  3662 | D:4      | Reached skill level 2 in Shields
  3662 | D:4      | Reached skill level 2 in Evocations
  3706 | D:4      | Found a sand-covered staircase.
  3713 | Ossuary  | Entered an ossuary
  3937 | Ossuary  | Reached XP level 7. HP: 36/52 MP: 1/15
  3953 | Ossuary  | Reached skill level 7 in Unarmed Combat
  4643 | D:4      | Reached skill level 2 in Conjurations
  4643 | D:4      | Reached skill level 2 in Hexes
  4643 | D:4      | Reached skill level 2 in Charms
  4643 | D:4      | Reached skill level 2 in Summonings
  4643 | D:4      | Reached skill level 2 in Necromancy
  4643 | D:4      | Reached skill level 2 in Translocations
  4643 | D:4      | Reached skill level 2 in Fire Magic
  4643 | D:4      | Reached skill level 2 in Ice Magic
  4643 | D:4      | Reached skill level 2 in Air Magic
  4643 | D:4      | Reached skill level 2 in Earth Magic
  4643 | D:4      | Reached skill level 2 in Poison Magic
  4973 | D:5      | Entered Level 5 of the Dungeon
  5125 | D:5      | Reached skill level 3 in Invocations
  5477 | D:5      | Found a glowing drain.
  5483 | Sewer    | Entered a sewer
  5555 | Sewer    | Reached XP level 8. HP: 60/60 MP: 9/16
  5928 | Sewer    | Reached skill level 4 in Fighting
  5945 | Sewer    | Reached skill level 3 in Short Blades
  5945 | Sewer    | Reached skill level 3 in Long Blades
  5945 | Sewer    | Reached skill level 3 in Axes
  5945 | Sewer    | Reached skill level 3 in Maces & Flails
  5945 | Sewer    | Reached skill level 3 in Polearms
  5945 | Sewer    | Reached skill level 3 in Staves
  5945 | Sewer    | Reached skill level 3 in Slings
  5945 | Sewer    | Reached skill level 3 in Bows
  5945 | Sewer    | Reached skill level 3 in Crossbows
  5945 | Sewer    | Reached skill level 3 in Throwing
  5945 | Sewer    | Reached skill level 3 in Armour
  5945 | Sewer    | Reached skill level 3 in Stealth
  5945 | Sewer    | Reached skill level 3 in Shields
  5945 | Sewer    | Reached skill level 3 in Evocations
  6248 | D:5      | Noticed Ijyb
  6254 | D:5      | Noticed Duvessa
  6255 | D:5      | Noticed Dowan
  6652 | D:5      | Killed Duvessa
  6652 | D:5      | Reached skill level 6 in Spellcasting
  6664 | D:5      | Learned a level 4 spell: Ice Form
  6766 | D:5      | Killed Ijyb
  6821 | D:5      | Killed Dowan
  7491 | D:6      | Reached skill level 3 in Conjurations
  7491 | D:6      | Reached skill level 3 in Hexes
  7491 | D:6      | Reached skill level 3 in Charms
  7491 | D:6      | Reached skill level 3 in Summonings
  7491 | D:6      | Reached skill level 3 in Necromancy
  7491 | D:6      | Reached skill level 3 in Translocations
  7491 | D:6      | Reached skill level 3 in Fire Magic
  7491 | D:6      | Reached skill level 3 in Ice Magic
  7491 | D:6      | Reached skill level 3 in Air Magic
  7491 | D:6      | Reached skill level 3 in Earth Magic
  7491 | D:6      | Reached skill level 3 in Poison Magic
  7491 | D:6      | Reached skill level 4 in Invocations
  7511 | D:6      | Noticed Menkaure
  7521 | D:6      | Killed Menkaure
  7521 | D:6      | Reached skill level 6 in Dodging
  7521 | D:6      | Reached XP level 9. HP: 54/66 MP: 13/18
  7574 | D:6      | Noticed Grinder
  7582 | D:6      | Paralysed by Grinder for 4 turns
  7606 | D:5      | Learned a level 1 spell: Shock
  7658 | D:6      | Noticed Pikel
  7673 | D:6      | Killed Pikel
  7673 | D:6      | Reached skill level 4 in Short Blades
  7673 | D:6      | Reached skill level 4 in Long Blades
  7673 | D:6      | Reached skill level 4 in Axes
  7673 | D:6      | Reached skill level 4 in Maces & Flails
  7673 | D:6      | Reached skill level 4 in Polearms
  7673 | D:6      | Reached skill level 4 in Staves
  7673 | D:6      | Reached skill level 4 in Slings
  7673 | D:6      | Reached skill level 4 in Bows
  7673 | D:6      | Reached skill level 4 in Crossbows
  7673 | D:6      | Reached skill level 4 in Throwing
  7673 | D:6      | Reached skill level 4 in Armour
  7673 | D:6      | Reached skill level 4 in Stealth
  7673 | D:6      | Reached skill level 4 in Shields
  7673 | D:6      | Reached skill level 5 in Transmutations
  7673 | D:6      | Reached skill level 4 in Evocations
  7862 | D:6      | Killed Grinder
  7862 | D:6      | Reached skill level 5 in Fighting
  8441 | D:7      | Found a staircase to the Ecumenical Temple.
  8462 | D:7      | Reached skill level 8 in Unarmed Combat
  8680 | D:7      | Reached skill level 5 in Invocations
  9041 | Temple   | Entered the Ecumenical Temple
  9122 | Temple   | Became a worshipper of Ashenzari the Shackled
  9347 | D:7      | Reached XP level 10. HP: 46/74 MP: 20/20
  9603 | D:7      | Reached skill level 7 in Spellcasting
  9699 | D:7      | Upgraded the game from 0.25-a0-598-gc9c9e4c to
                  | 0.25-a0-611-g6918904
  9742 | D:8      | Got the uncursed robe of Zin's Wrath {Dex+4}
  9923 | D:8      | Reached skill level 4 in Conjurations
  9923 | D:8      | Reached skill level 4 in Hexes
  9923 | D:8      | Reached skill level 4 in Charms
  9923 | D:8      | Reached skill level 4 in Summonings
  9923 | D:8      | Reached skill level 4 in Necromancy
  9923 | D:8      | Reached skill level 4 in Translocations
  9923 | D:8      | Reached skill level 4 in Fire Magic
  9923 | D:8      | Reached skill level 4 in Ice Magic
  9923 | D:8      | Reached skill level 4 in Air Magic
  9923 | D:8      | Reached skill level 4 in Earth Magic
  9923 | D:8      | Reached skill level 4 in Poison Magic
  9985 | D:8      | Identified the +1 robe of Zin's Wrath {Dex+4} (You found it
                  | on level 8 of the Dungeon)
 10170 | D:8      | Reached skill level 5 in Short Blades
 10170 | D:8      | Reached skill level 5 in Long Blades
 10170 | D:8      | Reached skill level 5 in Axes
 10170 | D:8      | Reached skill level 5 in Maces & Flails
 10170 | D:8      | Reached skill level 5 in Polearms
 10170 | D:8      | Reached skill level 5 in Staves
 10170 | D:8      | Reached skill level 5 in Slings
 10170 | D:8      | Reached skill level 5 in Bows
 10170 | D:8      | Reached skill level 5 in Crossbows
 10170 | D:8      | Reached skill level 5 in Throwing
 10170 | D:8      | Reached skill level 5 in Armour
 10170 | D:8      | Reached skill level 5 in Stealth
 10170 | D:8      | Reached skill level 5 in Shields
 10170 | D:8      | Reached skill level 5 in Evocations
 10775 | D:8      | Learned a level 4 spell: Airstrike
 10922 | D:9      | Noticed a two-headed ogre
 11278 | D:8      | Reached skill level 7 in Dodging
 11991 | D:8      | Killed a two-headed ogre
 11991 | D:8      | Reached skill level 6 in Fighting
 12194 | D:8      | Reached skill level 6 in Transmutations
 12194 | D:8      | Reached skill level 6 in Invocations
 13451 | D:9      | Noticed a death yak
 13544 | D:9      | Killed a death yak
 13544 | D:9      | Reached XP level 11. HP: 29/83 MP: 1/22
 14399 | D:9      | Reached skill level 6 in Short Blades
 14399 | D:9      | Reached skill level 6 in Long Blades
 14399 | D:9      | Reached skill level 6 in Axes
 14399 | D:9      | Reached skill level 6 in Maces & Flails
 14399 | D:9      | Reached skill level 6 in Polearms
 14399 | D:9      | Reached skill level 6 in Staves
 14399 | D:9      | Reached skill level 6 in Slings
 14399 | D:9      | Reached skill level 6 in Bows
 14399 | D:9      | Reached skill level 6 in Crossbows
 14399 | D:9      | Reached skill level 6 in Throwing
 14399 | D:9      | Reached skill level 6 in Armour
 14399 | D:9      | Reached skill level 6 in Stealth
 14399 | D:9      | Reached skill level 6 in Shields
 14399 | D:9      | Reached skill level 9 in Unarmed Combat
 14399 | D:9      | Reached skill level 6 in Evocations
 14442 | D:9      | Reached * piety under Ashenzari
 14448 | D:9      | Reached skill level 5 in Conjurations
 14448 | D:9      | Reached skill level 5 in Hexes
 14448 | D:9      | Reached skill level 5 in Charms
 14448 | D:9      | Reached skill level 5 in Summonings
 14448 | D:9      | Reached skill level 5 in Necromancy
 14448 | D:9      | Reached skill level 5 in Translocations
 14448 | D:9      | Reached skill level 5 in Fire Magic
 14448 | D:9      | Reached skill level 5 in Ice Magic
 14448 | D:9      | Reached skill level 5 in Air Magic
 14448 | D:9      | Reached skill level 5 in Earth Magic
 14448 | D:9      | Reached skill level 5 in Poison Magic
 14773 | D:9      | Reached skill level 8 in Spellcasting
 15051 | D:10     | Entered Level 10 of the Dungeon
 15051 | D:10     | Noticed a two-headed ogre
 15060 | D:9      | Killed a two-headed ogre
 15381 | D:10     | Noticed a moth of wrath
 15384 | D:10     | Noticed Faels's ghost (journeyman KoGl)
 15386 | D:10     | Found a bloodstained altar of Trog.
 15391 | D:10     | Found a transporter.
 15391 | D:10     | Noticed a two-headed ogre
 15398 | D:10     | Found a transporter.
 15404 | D:10     | Identified the cursed +0 war axe of Histes {elec, rC+ Str-2
                  | Dex+4}
 15404 | D:10     | Noticed a tengu warrior
 15809 | D:10     | Noticed an orc knight
 15816 | D:10     | Learned a level 4 spell: Summon Ice Beast
 15848 | D:10     | Killed an orc knight
 15848 | D:10     | Reached skill level 7 in Invocations
 15859 | D:10     | Slain by an orc warrior

Vanquished Creatures
  2 two-headed ogres
  A death yak (D:9)
  Pikel (D:6)
  An orc knight (D:10)
  A centaur zombie (D:10)
  A troll (D:8)
  Grinder (D:6)
  3 polar bears
  2 hippogriffs
  A yak (D:9)
  Menkaure (D:6)
  Duvessa (D:5)
  A water moccasin (D:8)
  6 orc warriors
  2 sky beasts
  6 ice beasts
  3 phantoms
  2 necrophages
  3 wolves
  An eye of draining (D:10)
  4 ogres
  2 centaurs (D:10)
  2 bullfrogs
  Dowan (D:5)
  4 scorpions
  9 killer bees
  9 wights
  2 howler monkeys
  An electric eel (D:9)
  A crimson imp (D:10)
  A quasit (D:5)
  Crazy Yiuf (D:2)
  4 orc priests
  2 wyvern simulacra (D:9)
  2 jellies
  2 centaur skeletons (D:7)
  11 orc wizards
  2 bullfrog skeletons
  Jessica (D:2)
  Ijyb (D:5)
  An iguana (D:7)
  5 worker ants
  A killer bee zombie (D:5)
  A centaur simulacrum (D:9)
  A big kobold zombie (Ossuary)
  A hound zombie (D:9)
  3 mummies
  4 gnolls (D:9)
  A howler monkey skeleton (D:4)
  4 river rats
  15 adders
  2 hound simulacra (D:9)
  A shadow imp (D:5)
  3 white imps (D:9)
  2 ufetubi (D:9)
  13 oozes
  5 adder zombies
  2 adder skeletons
  4 worms
  4 dart slugs
  16 leopard geckos
  30 orcs
  13 bats
  14 giant cockroaches
  9 goblins
  9 hobgoblins
  15 jackals
  9 quokkas
  11 ball pythons
  16 frilled lizards
  A goblin zombie (Ossuary)
  8 hobgoblin zombies
  A jackal zombie (Ossuary)
  14 kobolds
  10 kobold zombies (Ossuary)
  2 leopard gecko skeletons
  7 orc zombies (Ossuary)
  2 quokka simulacra (D:9)
  3 quokka zombies
  15 rats
  3 rat zombies (Ossuary)
  A plant (D:7)
384 creatures vanquished.

Vanquished Creatures (collateral kills)
  A troll (D:10)
  A slave (D:6)
  An ogre (D:8)
  A big kobold (D:8)
  An elf zombie (Ossuary)
  A big kobold zombie (Ossuary)
  An orc (D:10)
  A goblin (D:2)
  A kobold zombie (Ossuary)
  An orc zombie (Ossuary)
  A rat (D:5)
  A rat zombie (Ossuary)
12 creatures vanquished.

Vanquished Creatures (others)
  2 bullfrogs (D:6)
  A crimson imp (D:6)
  An orc priest (D:6)
  2 orcs (D:6)
  A plant (D:7)
7 creatures vanquished.

Grand Total: 403 creatures vanquished
